 Dungeon Crawl Stone Soup version 0.27-a0-498-g7ecbb0a48f (webtiles) character file.

Game seed: 2636200684770739720

1526 HendSelp the Conjurer (level 8, -3/59 HPs)
             Began as a Gnoll Conjurer on Mar 2, 2021.
             Slain by an orc warrior
             ... wielding a +0 long sword
              (9 damage)
             ... on level 7 of the Dungeon.
             The game lasted 00:12:58 (7754 turns).

HendSelp the Conjurer (Gnoll Conjurer)              Turns: 7754, Time: 00:12:59

Health: -3/59      AC:  4    Str:  6    XL:     8   Next: 85%
Magic:  7/17       EV: 14    Int: 20    God:
Gold:   218        SH:  0    Dex: 11    Spells: 15/19 levels left

rFire    + . .     SeeInvis +   d - +3 dagger
rCold    . . .     Faith    .   (no shield)
rNeg     . . .     Spirit   .   a - +1 robe
rPois    .         Reflect  .   (no helmet)
rElec    .         Harm     .   A - +0 cloak
rCorr    .         Rampage  .   (no gloves)
Will     .....                  (no boots)
Stlth    +++.......             (no amulet)
HPRegen  0.19/turn              e - ring of protection from fire
MPRegen  0.15/turn              p - ring of see invisible

@: no status effects
A: distributed training, fangs 1, strong nose
a: no special abilities


You were on level 7 of the Dungeon.
You visited 1 branch of the dungeon, and saw 7 of its levels.
You also visited: Sewer.

You collected 218 gold pieces.

Inventory:

Hand Weapons
 d - a +3 dagger (weapon)
Missiles
 s - 2 curare-tipped darts
 t - 14 poisoned darts
 x - 5 boomerangs
 y - 6 boomerangs of dispersal
Armour
 a - a +1 robe (worn)
 A - a +0 cloak (worn)
Jewellery
 e - a ring of protection from fire (left hand)
 p - a ring of see invisible (right hand)
 q - a ring of fire
Wands
 B - a wand of random effects (13)
 E - a wand of paralysis (7)
Scrolls
 i - a scroll of random uselessness
 j - 4 scrolls of fear
 k - 2 scrolls of teleportation
 n - 5 scrolls of amnesia
 z - a scroll of magic mapping
 C - a scroll of immolation
Potions
 b - 4 potions of curing
 c - a potion of resistance {unknown}
 f - a potion of attraction {unknown}
 g - 3 potions of brilliance {unknown}
 h - a potion of magic {unknown}
 l - 2 potions of might {unknown}
 m - a potion of lignification {unknown}
 o - 5 potions of heal wounds {unknown}
 r - 3 potions of flight {unknown}
 u - a potion of cancellation {unknown}
 v - a potion of ambrosia {unknown}
 w - a potion of mutation {unknown}
 D - a potion of haste {unknown}


   Skills:
 + Level 3.6 Fighting
 + Level 3.6 Short Blades
 + Level 3.6 Long Blades
 + Level 3.6 Axes
 + Level 3.6 Maces & Flails
 + Level 3.6 Polearms
 + Level 3.6 Staves
 + Level 3.6 Slings
 + Level 3.6 Bows
 + Level 3.6 Crossbows
 + Level 3.6 Throwing
 + Level 3.6 Armour
 + Level 5.9 Dodging
 + Level 5.6 Stealth
 + Level 3.6 Shields
 + Level 3.6 Unarmed Combat
 + Level 6.2 Spellcasting
 + Level 7.8 Conjurations
 + Level 3.0 Hexes
 + Level 3.0 Summonings
 + Level 3.0 Necromancy
 + Level 3.0 Translocations
 + Level 3.0 Transmutations
 + Level 3.0 Fire Magic
 + Level 3.0 Ice Magic
 + Level 3.0 Air Magic
 + Level 3.0 Earth Magic
 + Level 3.0 Poison Magic
 + Level 4.0 Invocations
 + Level 3.6 Evocations


You had 15 spell levels left.
You knew the following spells:

 Your Spells              Type           Power        Failure   Level
a - Magic Dart            Conj           100%         1%          1
b - Searing Ray           Conj           74%          1%          2
c - Animate Skeleton      Necr           36%          3%          1

Your spell library contained the following spells:

 Spells                   Type           Power        Failure   Level
 Apportation              Tloc           36%          3%          1
 Corona                   Hex            20%          3%          1
 Summon Small Mammal      Summ           72%          3%          1
 Dazzling Flash           Conj/Hex       54%          3%          3
 Fulminant Prism          Conj/Hex       13%          11%         4
 Iskenderun's Mystic Bla  Conj/Tloc      27%          11%         4


Dungeon Overview and Level Annotations

Branches:
Dungeon (7/15)             Temple (0/1) D:7           Sewer (visited)

Altars:
Gozag
Makhleb
Okawaru
Uskayaw
Yredelemnul
Zin

Shops:
D:6 *

Annotations:
D:4 2 transporters


Innate Abilities, Weirdness & Mutations

Your experience applies equally to all skills.
You have very sharp teeth.
Your uncanny sense of smell can sniff out nearby items.


Message History

The orc hits you with a +0 short sword.
Unknown command.
Unknown command.
The searing ray hits the orc warrior!
The orc warrior is heavily wounded.
The searing ray hits the orc priest!
The orc priest is severely wounded.
The orc closely misses you.
Unknown command.
The searing ray misses the orc warrior.
The searing ray hits the orc priest!
You kill the orc priest!
You finish channeling your searing ray.
The orc warrior hits you with a +0 long sword!
The orc hits you with a +0 short sword.
Your Hexes skill increases to level 3!
Your Summonings skill increases to level 3!
Your Necromancy skill increases to level 3!
Your Translocations skill increases to level 3!
Your Transmutations skill increases to level 3!
Your Fire Magic skill increases to level 3!
Your Ice Magic skill increases to level 3!
Your Air Magic skill increases to level 3!
Your Earth Magic skill increases to level 3!
Your Poison Magic skill increases to level 3!
Casting: Searing Ray (safe; 1% risk of failure)
Confirm with . or Enter, or press ? or * to list all spells.
Aiming: Searing Ray (safe; 1% risk of failure)
Press: ? - help, Shift-Dir - straight line, f/p - orc warrior
Aim: an orc warrior, wielding a +0 long sword and wearing a +0 chain mail (heavily wounded, 22% to evade)
The searing ray hits the orc warrior.
The orc warrior is heavily wounded. (Press . to maintain the ray.)
The orc warrior hits you with a +0 long sword!
* * * LOW HITPOINT WARNING * * *
A white imp comes into view.
The orc completely misses you.
The searing ray hits the orc warrior!
The orc warrior is almost dead.
The orc warrior hits you with a +0 long sword!
You die...

. ... ...# ∆ . 5⌠†
...##
.###..†###....# #
.... #).......
#.##..# #...#
...[# #.### .
#..###...#...⌠
#oo#..........
##@...........
#................
#.....†..........
#................
#.#..........<...
...##.............
... ##...........#
.. ...........


You could see an orc warrior, a white imp and an orc.

Vanquished Creatures
  2 ogres
  A centaur (D:5)
  5 kobold brigands (Sewer)
  2 bullfrogs (D:6)
  A scorpion (D:4)
  2 bullfrog zombies
  3 hounds
  A jelly (D:6)
  2 orc priests
  3 iguanas
  Jessica (D:2)
  3 worker ants
  3 orc wizards
  Terence (D:2)
  A gnoll (D:1)
  5 adders
  A river rat (D:4)
  A white imp (D:7)
  3 ufetubi
  4 oozes
  2 adder skeletons
  2 worms
  2 dart slugs
  3 leopard geckos
  17 orcs
  A giant cockroach (D:1)
  6 goblins
  5 hobgoblins
  8 jackals
  15 kobolds
  2 quokkas (D:6)
  4 ball pythons
  11 bats
  A frilled lizard (Sewer)
  2 quokka skeletons
  11 rats
137 creatures vanquished.

Vanquished Creatures (others)
  A plant (Sewer)
1 creature vanquished.

Grand Total: 138 creatures vanquished

Notes
Turn   | Place    | Note
-------+----------+-------------------------------------------
     0 | D:1      | HendSelp the Gnoll Conjurer began the quest for the Orb.
     0 | D:1      | Reached XP level 1. HP: 13/13 MP: 6/6
    94 | D:1      | Reached XP level 2. HP: 20/20 MP: 0/7
   162 | D:1      | Learned a level 2 spell: Searing Ray
   363 | D:1      | Reached XP level 3. HP: 25/25 MP: 5/9
   404 | D:1      | Reached skill level 5 in Spellcasting
   561 | D:1      | Reached skill level 1 in Invocations
   769 | D:2      | Noticed Jessica
   769 | D:2      | Noticed Terence
   772 | D:2      | Killed Terence
   773 | D:2      | Reached skill level 1 in Fighting
   773 | D:2      | Reached skill level 1 in Short Blades
   773 | D:2      | Reached skill level 1 in Long Blades
   773 | D:2      | Reached skill level 1 in Axes
   773 | D:2      | Reached skill level 1 in Maces & Flails
   773 | D:2      | Reached skill level 1 in Polearms
   773 | D:2      | Reached skill level 1 in Staves
   773 | D:2      | Reached skill level 1 in Slings
   773 | D:2      | Reached skill level 1 in Bows
   773 | D:2      | Reached skill level 1 in Crossbows
   773 | D:2      | Reached skill level 1 in Throwing
   773 | D:2      | Reached skill level 1 in Armour
   773 | D:2      | Reached skill level 1 in Shields
   773 | D:2      | Reached skill level 1 in Unarmed Combat
   773 | D:2      | Reached skill level 1 in Evocations
   773 | D:2      | Reached XP level 4. HP: 32/32 MP: 6/11
   775 | D:2      | Killed Jessica
   777 | D:2      | Reached skill level 1 in Hexes
   777 | D:2      | Reached skill level 1 in Summonings
   777 | D:2      | Reached skill level 1 in Necromancy
   777 | D:2      | Reached skill level 1 in Translocations
   777 | D:2      | Reached skill level 1 in Transmutations
   777 | D:2      | Reached skill level 1 in Fire Magic
   777 | D:2      | Reached skill level 1 in Ice Magic
   777 | D:2      | Reached skill level 1 in Air Magic
   777 | D:2      | Reached skill level 1 in Earth Magic
   777 | D:2      | Reached skill level 1 in Poison Magic
  1169 | D:2      | Found a faded altar of an unknown god.
  1256 | D:2      | Reached XP level 5. HP: 37/37 MP: 9/12
  1713 | D:3      | Found an iron altar of Okawaru.
  2585 | D:4      | Reached XP level 6. HP: 16/44 MP: 4/13
  2588 | D:4      | Found a glowing drain.
  2611 | D:4      | HP: 1/44 [river rat (8)]
  2614 | Sewer    | Entered a sewer
  3031 | Sewer    | Reached skill level 5 in Dodging
  3038 | Sewer    | Reached XP level 7. HP: 6/50 MP: 1/15
  3997 | D:4      | Found a transporter.
  4082 | D:4      | Found a transporter.
  4491 | D:4      | Found a burning altar of Makhleb.
  4491 | D:4      | Noticed an Executioner
  4494 | D:4      | Noticed an orange demon
  4494 | D:4      | Noticed a neqoxec
  5119 | D:5      | Entered Level 5 of the Dungeon
  5194 | D:5      | Reached skill level 5 in Stealth
  5825 | D:5      | Learned a level 1 spell: Animate Skeleton
  5889 | D:5      | Reached XP level 8. HP: 57/57 MP: 11/16
  6490 | D:6      | Found a hide-covered altar of Uskayaw.
  6956 | D:6      | Found an opulent altar of Gozag.
  7151 | D:6      | Found Wasial's General Store.
  7268 | D:6      | Found a basalt altar of Yredelemnul.
  7268 | D:6      | Found a glowing silver altar of Zin.
  7608 | D:7      | Found a staircase to the Ecumenical Temple.
  7754 | D:7      | Slain by an orc warrior

Illustrated notes

Levels and vault maps discovered:
D:1:      nagdon_arrival_double_spiral, layout_rooms
D:2:      layout_rooms, chequers_ecumenical_altar_simple_redux, uniq_jessica,
          uniq_terence
D:3:      layout_loops_corners, general_overflow_altar
D:4:      gammafunk_steamed_eel, layout_layer_cave, makhleb_altar_promises_db,
          cheibrodos_sewer_entry_sluice
D:5:      layout_rooms
D:6:      layout_gridville, nicolae_gozag_seed_capital,
          eat_drink_and_be_merry_uskayaw, minitemple, serial_shops, shop
D:7:      layout_cave_pools, lemuel_coloured_pillars_altar,
          minmay_temple_entry_junction, serial_shops, shop_fountains

Skill      XL: |  1  2  3  4  5  6  7  8 |
---------------+-------------------------+-----
Spellcasting   | 5 6 |  6.2
Invocations    | 1 2 3 4 |  4.0
Fighting       | 1 2 3 |  3.6
Short Blades   | 1 2 3 |  3.6
Long Blades    | 1 2 3 |  3.6
Axes           | 1 2 3 |  3.6
Maces & Flails | 1 2 3 |  3.6
Polearms       | 1 2 3 |  3.6
Staves         | 1 2 3 |  3.6
Slings         | 1 2 3 |  3.6
Bows           | 1 2 3 |  3.6
Crossbows      | 1 2 3 |  3.6
Throwing       | 1 2 3 |  3.6
Armour         | 1 2 3 |  3.6
Shields        | 1 2 3 |  3.6
Unarmed Combat | 1 2 3 |  3.6
Evocations     | 1 2 3 |  3.6
Hexes          | 1 2 3 |  3.0
Summonings     | 1 2 3 |  3.0
Necromancy     | 1 2 3 |  3.0
Translocations | 1 2 3 |  3.0
Transmutations | 1 2 3 |  3.0
Fire Magic     | 1 2 3 |  3.0
Ice Magic      | 1 2 3 |  3.0
Air Magic      | 1 2 3 |  3.0
Earth Magic    | 1 2 3 |  3.0
Poison Magic   | 1 2 3 |  3.0
Dodging        | 5 |  5.9
Stealth        | 5 |  5.6
Conjurations   | |  7.8

Action                   |  1- 3 |  4- 6 |  7- 9 || total
-------------------------+-------+-------+-------++-------
Melee: Dagger            |       |     9 |     6 ||    15
 Cast: Magic Dart        |    38 |    61 |   137 ||   236
       Searing Ray       |     1 |     9 |    21 ||    31
       Animate Skeleton  |       |       |     2 ||     2
  Use: Scroll            |       |     8 |     3 ||    11
Armor: Robe              |     2 |    12 |    12 ||    26
Dodge: Dodged            |     3 |    34 |    75 ||   112

Table legend: (Time is in decaauts)
 A = Elapsed time spent in this place.
 B = Non-inter-level travel time spent in this place.
 C = Inter-level travel time spent in this place.
 D = Time resting spent in this place.
 E = Time spent auto-exploring this place.
 F = Levels seen in this place.
 G = Mean time per level.
                   A        B        C        D        E       F      G
               +--------+--------+--------+--------+--------+-----+--------+
         Total |   7824 |   7653 |    171 |   1118 |   5628 |   8 |  978.0 |
       Dungeon |   6550 |   6379 |    171 |    537 |   5192 |   7 |  935.7 |
         Sewer |   1274 |   1274 |      0 |    581 |    436 |   1 | 1274.0 |
               +--------+--------+--------+--------+--------+-----+--------+

Top non-repeatable levels by time:
     D:4: 1781 daAuts
     D:6: 1380 daAuts
   Sewer: 1274 daAuts
     D:3: 914 daAuts
     D:5: 890 daAuts
     D:1: 801 daAuts
     D:2: 719 daAuts
     D:7: 62 daAuts
